 Dungeon Crawl Stone Soup version 0.21-a0-221-gfe971b9 (webtiles) character file.

1815 KristoblXynda the Covert (level 8, -6/54 HPs)
             Began as a Green Draconian Assassin on Aug 27, 2017.
             Was an Initiate of Ashenzari.
             Mangled by a troll (12 damage)
             ... on level 9 of the Dungeon.
             The game lasted 00:14:06 (4875 turns).

KristoblXynda the Covert (Green Draconian Assassin) Turns: 4875, Time: 00:14:06

Health: -6/54      AC: 10    Str: 14    XL:     8   Next: 85%
Magic:  8/8        EV: 12    Int: 15    God:    Ashenzari [......]
Gold:   310        SH:  0    Dex: 13    Spells: 4/7 levels left

rFire    . . .     SeeInvis +   p - +2 whip (elec)
rCold    . . .     Gourm    .   (no shield)
rNeg     . . .     Faith    .   (armour unavailable)
rPois    +         Spirit   .   C - +1 hat (curse)
rElec    .         Reflect  .   c - +2 cloak (curse)
rCorr    .         Harm     .   (no gloves)
MR       .....                  (no boots)
Stlth    ++++......             (no amulet)
HPRegen  0.18/turn              x - ring of see invisible
MPRegen  0.11/turn              (no ring)

@: no status effects
A: breathe noxious fumes, unfitting armour, clever 1, frail 1, mutation
resistance 1, poison resistance, wild magic 1, cold-blooded, AC +6
a: Breathe Noxious Fumes, Curse Item, Renounce Religion


You were on level 9 of the Dungeon.
You worshipped Ashenzari.
Ashenzari was noncommittal.
You were not hungry.

You visited 1 branch of the dungeon, and saw 7 of its levels.

You collected 310 gold pieces.

Inventory:

Hand Weapons
 b - a +0 blowgun
 j - a +4 flail of draining
 p - a +2 whip of electrocution (weapon)
Missiles
 e - 2 curare-tipped needles
 t - 4 needles of sleeping
 y - 7 javelins (quivered)
Armour
 c - a cursed +2 cloak (worn)
 C - a cursed +1 hat (worn)
Jewellery
 g - an uncursed ring of flight
 x - a ring of see invisible (left hand)
Wands
 F - a wand of acid (6/15)
Scrolls
 h - 2 scrolls of fog
 k - 2 scrolls of enchant armour
 n - 2 scrolls of immolation
 o - a scroll of recharging
 q - 3 scrolls of remove curse
 r - 4 scrolls of amnesia
 w - 2 scrolls of teleportation
Potions
 i - a potion of heal wounds
 l - 4 potions of flight
 s - a potion of invisibility
 v - a potion of resistance
 z - 2 potions of might
 A - a potion of brilliance
 B - 2 potions of curing
Books
 D - a book of Battle

   Spells                             Type                      Level
   a - Infusion                       Charms                       1
   b - Shroud of Golubria             Charms/Translocation         2
   c - Song of Slaying                Charms                       2
   d - Spectral Weapon                Hexes/Charms                 3
   e - Regeneration                   Charms/Necromancy            3
 E - a book of Frost

   Spells                             Type                      Level
   a - Freeze                         Ice                          1
   b - Throw Frost                    Conjuration/Ice              2
   c - Ozocubu's Armour               Charms/Ice                   3
   d - Throw Icicle                   Conjuration/Ice              4
   e - Summon Ice Beast               Ice/Summoning                4
Comestibles
 a - 6 chunks of flesh
 d - 5 fruits
 f - 3 bread rations
 m - 2 meat rations
 u - 2 royal jellies


   Skills:
 - Level 2.1 Fighting
   Level 2.0 Short Blades
 + Level 6.8 Maces & Flails
 - Level 2.0 Throwing
 - Level 2.3 Dodging
 + Level 8.6 Stealth
 + Level 3.1 Charms


You had 4 spell levels left.
You knew the following spells:

 Your Spells              Type           Power        Failure   Level  Hunger
a - Regeneration          Chrm/Necr      #.........   47%         3    ####...


Dungeon Overview and Level Annotations

Branches:
Dungeon (6/15)
 Temple: D:4-7

Altars:
Ashenzari
Cheibriados
Dithmenos
Kikubaaqudgha
Sif Muna
Trog


Innate Abilities, Weirdness & Mutations

You can breathe blasts of noxious fumes.
Your lurid green scales are hard. (AC +6)
You cannot fit into any form of body armour.
Your system is resistant to poisons. (rPois)
You are cold-blooded and may be slowed by cold attacks.
Your mind is acute. (Int +2)
You are frail. (-10% HP)
You are somewhat resistant to further mutation.
Your spells are a little harder to cast, but a little more powerful.


Message History

You hit the troll but do no damage. Lightning courses through the troll!
The troll is almost dead.
The troll bites you! The troll claws you.
The troll claws you but does no damage.
You barely miss the troll.
The troll is almost dead.
The troll bites you. The troll claws you but does no damage.
The troll barely misses you.
You hit the troll.
You tail-slap the troll, but do no damage.
The troll is almost dead.
You closely miss the troll.
The troll is almost dead.
The troll bites you. The troll claws you! The troll barely misses you.
You hit the troll.
The troll is almost dead.
The troll bites you! The troll claws you!
* * * LOW HITPOINT WARNING * * *
The troll claws you!
You die...

#.#####..####.##
##..####.###
##.####.......... #
.........#####..# .#
...####..#####..##..#
#...................
#.####..####........
#.####..####s5..#..#
#........@Thhh.....#
..}.###..#####o..#..#
## #..# ...# #...
..... ..### ...#..#
##.# 5#.# .# #.. ....
# ## .#.##


You could see a troll, a scorpion, a quasit, an orc and 3 jackals.

Vanquished Creatures
  A hungry ghost (D:9)
  Grum (D:9)
  Edmund (D:4)
  Duvessa (D:4)
  A sky beast (D:5)
  2 ogres (D:5)
  A centaur (D:6)
  3 wolves (D:9)
  Dowan (D:4)
  3 crimson imps
  A hound (D:5)
  An orc priest (D:5)
  3 orc wizards
  A bullfrog skeleton (D:4)
  2 iguanas (D:5)
  5 worker ants
  A hound skeleton (D:4)
  Robin (D:4)
  A howler monkey skeleton (D:4)
  5 adders
  5 gnolls
  An ooze (D:4)
  4 worms
  2 dart slugs
  7 leopard geckos
  15 orcs
  7 giant cockroaches
  6 hobgoblins
  6 jackals
  A quokka (D:5)
  9 bats
  6 frilled lizards
  15 goblins
  A jackal skeleton (D:6)
  13 kobolds
  A leopard gecko zombie (D:6)
  6 rats
141 creatures vanquished.

Vanquished Creatures (others)
  A human (D:2)
1 creature vanquished.

Grand Total: 142 creatures vanquished

Notes
Turn   | Place    | Note
-------+----------+-------------------------------------------
     0 | D:1      | KristoblXynda the Draconian Assassin began the quest for the Orb.
     0 | D:1      | Reached XP level 1. HP: 17/17 MP: 1/1
    39 | D:1      | Reached skill level 1 in Dodging
   138 | D:1      | Reached XP level 2. HP: 19/24 MP: 2/2
   144 | D:1      | Reached skill level 4 in Stealth
   419 | D:1      | Reached XP level 3. HP: 22/29 MP: 3/3
   745 | D:2      | Found an ancient bone altar of Kikubaaqudgha.
   746 | D:2      | Noticed a human
   749 | D:2      | Killed a human
  1011 | D:2      | Reached XP level 4. HP: 31/36 MP: 4/4
  1038 | D:2      | Reached skill level 1 in Maces & Flails
  1592 | D:3      | Reached skill level 5 in Stealth
  2568 | D:4      | Noticed Robin
  2568 | D:4      | Noticed Edmund
  2617 | D:4      | Killed Edmund
  2617 | D:4      | Reached XP level 5. HP: 39/41 MP: 5/5
  2676 | D:4      | Reached skill level 6 in Stealth
  2676 | D:4      | Reached XP level 6. HP: 39/48 MP: 6/6
  2689 | D:4      | Killed Robin
  3007 | D:4      | Found a deep blue altar of Sif Muna.
  3007 | D:4      | Noticed Duvessa
  3007 | D:4      | Noticed Dowan
  3026 | D:4      | Killed Duvessa
  3034 | D:4      | Killed Dowan
  3360 | D:4      | Found a bloodstained altar of Trog.
  3441 | D:4      | Your scales start taking on a lurid green colour.
  3441 | D:4      | Reached XP level 7. HP: 55/55 MP: 7/7
  3441 | D:4      | Gained mutation: Your system is resistant to poisons. (rPois) [Green Draconian growth]
  3499 | D:4      | Reached skill level 7 in Stealth
  3552 | D:5      | Entered Level 5 of the Dungeon
  3577 | D:5      | Gained mutation: Your mind is acute. (Int +2) [mutagenic meat]
  3578 | D:5      | Gained mutation: You expend magic power (3 MP) to strengthen your wands. [mutagenic meat]
  3579 | D:5      | Lost mutation: You expend magic power (3 MP) to strengthen your wands. [mutagenic meat]
  3580 | D:5      | Gained mutation: You are frail. (-10% HP) [mutagenic meat]
  3581 | D:5      | Gained mutation: Your spells are a little harder to cast, but a little more powerful. [mutagenic meat]
  3582 | D:5      | Gained mutation: You are somewhat resistant to further mutation. [mutagenic meat]
  3905 | D:5      | Reached skill level 5 in Maces & Flails
  4197 | D:5      | Reached XP level 8. HP: 38/54 MP: 8/8
  4206 | D:5      | Learned a level 3 spell: Regeneration
  4234 | D:5      | Reached skill level 1 in Charms
  4417 | D:6      | Found a shadowy altar of Dithmenos.
  4417 | D:6      | Found a snail-covered altar of Cheibriados.
  4436 | D:6      | Found a shattered altar of Ashenzari.
  4444 | D:6      | Became a worshipper of Ashenzari the Shackled
  4610 | D:6      | You fall through a shaft for 3 floors!
  4629 | D:9      | Reached skill level 8 in Stealth
  4637 | D:9      | Noticed Grum
  4667 | D:9      | Killed Grum
  4855 | D:9      | Noticed a troll
  4875 | D:9      | Mangled by a troll

Vault maps used:
D:1:      nzn_arrival_water_spiral
D:2:      minmay_misc_feat_encased, tgw_kikubaaqudgha
D:4:      kennysheep_mini, old_standard_altar, corexii_leaking_fountain,
          uniq_robin, uniq_edmund, uniq_duvessa
D:5:      first_bread
D:6:      gammafunk_temple_overflow_forgotten
D:9:      cheibrodos_ideogram_h, old_standard_altar, basic_altar, uniq_grum

Skill      XL: |  1  2  3  4  5  6  7  8 |
---------------+-------------------------+-----
Dodging        | 1 2 |  2.3
Throwing       | 2 |  2.0
Stealth        | 4 5 6 7 8 |  8.6
Maces & Flails | 2 3 5 6 |  6.8
Charms         | 3 |  3.1
Fighting       | |  2.1
Short Blades   | |  2.0

Action                   |  1- 3 |  4- 6 |  7- 9 || total
-------------------------+-------+-------+-------++-------
Melee: Dagger            |   158 |   176 |       ||   334
       Tailslap          |    21 |    15 |    19 ||    55
       Flail             |       |    49 |   131 ||   180
       Whip              |       |       |    42 ||    42
Throw: Throwing net      |       |     1 |       ||     1
Invok: Curse Item        |       |       |     2 ||     2
  Use: Scroll            |       |    16 |     6 ||    22
       Potion            |       |     4 |       ||     4
 Stab: Sleeping          |     4 |    10 |     4 ||    18
       Held in net/web   |       |     2 |       ||     2
  Eat: Chunk             |       |     8 |    13 ||    21
Armor: Skin              |    64 |    90 |    79 ||   233
Dodge: Dodged            |   110 |   109 |   153 ||   372

Table legend:
 A = Spawn XP
 B = Non-spawn XP
 C = Spawn XP percentage of total XP
 D = Spawn monster count
 E = Non-spawn monster count
 F = Spawn count percentage of total count
 G = Total turns spent on level
                    A         B        C        D         E        F      G
               +---------+---------+-------+---------+---------+-------+---------
         Total |     197 |    2396 |   7.6 |      12 |     129 |   8.5 |  4875
               +---------+---------+-------+---------+---------+-------+---------
           D:1 |       1 |      57 |   1.7 |       1 |      27 |   3.6 |   550
           D:2 |      20 |      31 |  39.2 |       5 |      16 |  23.8 |   706
           D:3 |       1 |      67 |   1.5 |       1 |      15 |   6.2 |  1020
           D:4 |      15 |     564 |   2.6 |       1 |      28 |   3.4 |  1276
           D:5 |     158 |     696 |  18.5 |       3 |      25 |  10.7 |   860
           D:6 |       0 |     174 |   0.0 |       0 |       9 |   0.0 |   198
           D:9 |       2 |     807 |   0.2 |       1 |       9 |  10.0 |   265
               +---------+---------+-------+---------+---------+-------+---------
